 Dungeon Crawl Stone Soup version 0.23-a0-350-g6fd5563 (webtiles) character file.

6499 Amnesiac the Geomancer (level 10, 37/37 HPs)
             Began as a Felid Earth Elementalist on Oct 20, 2018.
             Was a High Priest of Vehumet.
             Quit the game on level 12 of the Dungeon.
             The game lasted 00:32:12 (13518 turns).

Amnesiac the Geomancer (Felid Earth Elementalist)  Turns: 13518, Time: 00:32:13

Health: 37/37      AC:  2    Str:  4    XL:     10   Next: 69%
Magic:  25/25      EV: 19    Int: 26    God:    Vehumet [*****.]
Gold:   433        SH:  0    Dex: 18    Spells: 15/30 levels left
                                        Lives:  1   Deaths: 2

rFire    + . .     SeeInvis +     - Unarmed
rCold    x . .     Gourm    .   (shield unavailable)
rNeg     . . .     Faith    .   (armour unavailable)
rPois    .         Spirit   .   (helmet unavailable)
rElec    +         Reflect  .   (cloak unavailable)
rCorr    .         Harm     .   (gloves unavailable)
MR       ++...                  (boots unavailable)
Stlth    +++.......             (no amulet)
HPRegen  0.12/turn              i - ring "Xuhudigg" {+Fly rElec rC- MR+ Int+7}
MPRegen  0.19/turn              s - ring of protection from fire

@: studying Unarmed Combat, quick
A: very small, no armour, no weapons or thrown items, stealth, claws 1, fangs 3,
see invisible, carnivore, speed 1, shaggy fur 2, slow metabolism 1, sharp paws
a: Renounce Religion, Evoke Flight


You were on level 12 of the Dungeon.
You worshipped Vehumet.
Vehumet was extremely pleased with you.
You were not hungry.

You visited 2 branches of the dungeon, and saw 13 of its levels.

You collected 433 gold pieces.

Inventory:

Missiles
 b - 278 stones
Jewellery
 h - an uncursed ring of wizardry
 i - the ring "Xuhudigg" (left paw) {+Fly rElec rC- MR+ Int+7}
   (You found it on level 4 of the Dungeon)

   [ring of flight]

   It affects your intelligence (+7).
   It makes you vulnerable to cold.
   It insulates you from electricity.
   It affects your resistance to hostile enchantments.
   It lets you fly.
 l - the ring "Zuycuem" {Ice Str+2}
   (You took it off a centaur on level 5 of the Dungeon)

   [ring of ice]

   It enhances your ice magic.
   It affects your strength (+2).
   It makes you vulnerable to fire.
   It protects you from cold.
 s - a ring of protection from fire (right paw)
Wands
 a - a wand of clouds (3)
 r - a wand of iceblast (3)
 x - a wand of random effects (23)
Scrolls
 e - 4 scrolls of magic mapping {!r}
 f - a scroll of amnesia {!r}
 k - 2 scrolls of teleportation {!r}
 q - 4 scrolls of remove curse {!r}
 u - a scroll of fog {!r, unknown}
 v - 4 scrolls of identify {!r}
 y - a scroll of blinking {!r}
Potions
 d - 2 potions of flight {!q}
 g - a potion of haste {!q}
 j - a potion of might {!q}
 m - 2 potions of invisibility {!q}
 n - 2 potions of cancellation {!q, unknown}
 o - 2 potions of heal wounds {!q}
 p - 5 potions of curing {!q}
 t - a potion of magic {!q, unknown}
 A - a potion of berserk rage {!q, unknown}
 B - a potion of ambrosia {!q, unknown}
Books
 w - a manual of Unarmed Combat
Comestibles
 c - 23 rations


   Skills:
 - Level 4.0 Dodging
 - Level 3.0 Stealth
 - Level 3.0 Unarmed Combat
 + Level 10.5 Spellcasting
 - Level 1.1 Transmutations
 * Level 14.2 Earth Magic


You had 15 spell levels left.
You knew the following spells:

 Your Spells              Type           Power        Failure   Level  Hunger
a - Sandblast             Erth           ######       0%          1    None
b - Passwall              Tmut/Erth      ######..     1%          2    None
c - Mephitic Cloud        Conj/Pois/Air  ##......     3%          3    None
d - Lee's Rapid Deconstr  Erth           ######....   1%          5    ####...
e - Petrify               Tmut/Erth      ######..     1%          4    None

Your spell library contained the following spells:

 Spells                   Type           Power        Failure   Level  Hunger
 Venom Bolt               Conj/Pois      ##........   30%         5    ####...
 Flame Tongue             Conj/Fire      ##...        1%          1    None
 Magic Dart               Conj           ##..         1%          1    None
 Throw Flame              Conj/Fire      ##....       1%          2    None
 Stone Arrow              Conj/Erth      ######       1%          3    None
 Beastly Appendage        Tmut           ###...       2%          1    None
 Conjure Flame            Conj/Fire      ##......     3%          3    None
 Inner Flame              Hex/Fire       ##......     3%          3    None
 Infusion                 Chrm           ##..         4%          1    None
 Sticks to Snakes         Tmut           ###.....     4%          2    None
 Blink                    Tloc           N/A          7%          2    None
 Call Imp                 Summ           ##......     7%          2    None
 Shroud of Golubria       Chrm/Tloc      ##........   7%          2    None
 Slow                     Hex            ##......     7%          2    None
 Song of Slaying          Chrm           ##......     7%          2    None
 Spider Form              Tmut/Pois      ###.......   11%         3    None
 Sticky Flame             Conj/Fire      ##......     12%         4    None
 Regeneration             Chrm/Necr      ##........   13%         3    None
 Fireball                 Conj/Fire      ##........   30%         5    ####...
 Ice Form                 Ice/Tmut       ###.....     34%         4    None
 Blade Hands              Tmut           ###.......   61%         5    ####...
 Spectral Weapon          Hex/Chrm       Unusable     N/A         3    N/A

Dungeon Overview and Level Annotations

Branches:
Dungeon (12/15)            Temple (1/1) D:5            Lair (0/6) D:11
    Orc (0/2) D:9

Altars:
Elyvilon
Fedhas
Nemelex Xobeh
Sif Muna
Trog
Vehumet
Xom
Yredelemnul
The Shining One

Annotations:
D:1 exclusion: centaur
D:12 Rupert


Innate Abilities, Weirdness & Mutations

You cannot wear armour.
You are incapable of wielding weapons or throwing items.
Your paws allow you to move quietly. (Stealth)
You have sharp claws.
You have razor-sharp teeth.
You have supernaturally acute eyesight. (SInv)
You are carnivorous and can eat meat at any time.
You cover ground quickly.
You are covered in thick fur. (AC +2)
You have a slow metabolism.
Your sharp claws are effective at attacking unaware monsters.


Message History

There are monsters nearby!
Casting: Lee's Rapid Deconstruction (safe; 1% risk of failure)
Confirm with . or Enter, or press ? or * to list all spells.
Aiming: Petrify (safe; 1% risk of failure)
Press: ? - help, Shift-Dir - straight line, f - killer bee
Aim: a killer bee (chance to defeat MR: 80%)
The killer bee is moving more slowly.
The killer bee buzzes angrily.
A killer bee comes into view.
Unknown command.
Casting: Petrify (safe; 1% risk of failure)
Confirm with . or Enter, or press ? or * to list all spells.
Aiming: Lee's Rapid Deconstruction (safe; 1% risk of failure)
Press: ? - help, Dir - move target cursor, f/p - killer bee Fragment what (e.g. wall or brittle monster)?: a killer bee (slowly petrifying)
The killer bee shatters!
You blow up the killer bee!
Vehumet accepts your kill.
You feel your power returning.
Unknown command.
Casting: Lee's Rapid Deconstruction (safe; 1% risk of failure)
Confirm with . or Enter, or press ? or * to list all spells.
Aiming: Petrify (safe; 1% risk of failure)
Press: ? - help, Shift-Dir - straight line, f - killer bee
Aim: a killer bee (chance to defeat MR: 80%)
The killer bee is moving more slowly.
Unknown command.
Casting: Petrify (safe; 1% risk of failure)
Confirm with . or Enter, or press ? or * to list all spells.
Aiming: Lee's Rapid Deconstruction (safe; 1% risk of failure)
Press: ? - help, Dir - move target cursor, f/p - killer bee Fragment what (e.g. wall or brittle monster)?: a killer bee (slowly petrifying) That beam is likely to hit you.
Continue anyway?
Okay, then.
Okay, then.
Casting: Lee's Rapid Deconstruction (safe; 1% risk of failure)
Confirm with . or Enter, or press ? or * to list all spells.
Aiming: Lee's Rapid Deconstruction (safe; 1% risk of failure)
Press: ? - help, Dir - move target cursor, f/p - killer bee Fragment what (e.g. wall or brittle monster)?: a killer bee (slowly petrifying) That beam is likely to hit you.
Continue anyway?
Okay, then.
Okay, then.
Casting: Lee's Rapid Deconstruction (safe; 1% risk of failure)
Confirm with . or Enter, or press ? or * to list all spells.
Aiming: Lee's Rapid Deconstruction (safe; 1% risk of failure)
Press: ? - help, Dir - move target cursor, f/p - killer bee Fragment what (e.g. wall or brittle monster)?: a killer bee (slowly petrifying) That beam is likely to hit you.
Continue anyway?
The killer bee shatters!
You blow up the killer bee!
Vehumet accepts your kill.
You feel your power returning.
The blast of petrified fragments hits the killer bee.
You kill the killer bee!
Vehumet accepts your kill.
The blast of petrified fragments hits you!
Ouch! That really hurt!
You die...
You are now level 10!
You rejoin the land of the living...
Unknown command.
Unknown command.
Are you sure you want to abandon this character and quit the game? (Confirm

#.#########.....#
#.#.....<.#.....#
############.#.......#....##
.............#.......#....#
.............#.......#....#
.............######'##....#
.....[....................#
.....###..................#
.....# #######..@.........#
.....# #######......# ..)..#
#......# ###### ########


There were no monsters in sight!

Vanquished Creatures
  5 two-headed ogres
  A death knight (D:11)
  A gargoyle (D:11)
  A centaur skeleton (D:12)
  An efreet (D:11)
  2 trolls
  A hornet (D:8)
  3 hippogriffs
  2 shadows
  11 yaks
  2 wraiths
  Eustachio (D:4)
  A wyvern (D:10)
  A spriggan (D:11)
  2 hungry ghosts
  2 porcupines (D:11)
  2 water moccasins
  5 orc warriors
  6 sky beasts
  An eye of draining (D:9)
  4 phantoms
  5 black bears
  2 ice beasts
  A necrophage (D:8)
  2 ogres
  8 centaurs
  2 big kobolds
  8 bullfrogs
  A gnoll sergeant (D:6)
  A water moccasin zombie (D:10)
  2 scorpions
  12 killer bees
  5 wights (D:10)
  An electric eel (D:10)
  6 crimson imps
  A centaur zombie (D:11)
  5 jellies
  6 lava snakes (D:10)
  A quasit (D:10)
  2 bullfrog zombies
  2 gnoll shamans (D:9)
  3 hounds
  5 orc priests
  4 orc wizards
  2 iguanas
  Terence (D:2)
  Natasha (D:2)
  11 worker ants
  2 killer bee zombies
  A hound zombie (D:7)
  A hound skeleton (D:7)
  A worker ant zombie (D:8)
  Robin (D:3)
  13 gnolls
  12 adders
  4 shadow imps
  An ooze (D:1)
  An adder skeleton (D:2)
  3 adder zombies
  2 worms
  A dart slug (D:1)
  7 leopard geckos
  19 orcs
  8 bats
  A bat zombie (D:2)
  7 giant cockroaches
  18 goblins
  10 hobgoblins
  6 jackals
  17 kobolds
  4 quokkas
  6 frilled lizards
  A leopard gecko zombie (D:5)
  A quokka skeleton (D:2)
  4 rats
307 creatures vanquished.

Vanquished Creatures (others)
  30 fungi (D:11)
  7 plants (D:11)
37 creatures vanquished.

Grand Total: 344 creatures vanquished

Notes
Turn   | Place    | Note
-------+----------+-------------------------------------------
     0 | D:1      | Amnesiac the Felid Earth Elementalist began the quest for
                  | the Orb.
     0 | D:1      | Reached XP level 1. HP: 7/7 MP: 4/4
     6 | D:1      | Noticed a centaur
     6 | D:1      | Noticed a queen ant
     6 | D:1      | Noticed a tyrant leech
     6 | D:1      | Noticed an iguana
   227 | D:2      | Reached skill level 3 in Earth Magic
   227 | D:2      | Reached XP level 2. HP: 11/11 MP: 6/6
   231 | D:2      | Learned a level 2 spell: Passwall
   243 | D:2      | Noticed Terence
   259 | D:2      | Noticed Natasha
   411 | D:2      | Killed Natasha
   411 | D:2      | Reached XP level 3. HP: 14/14 MP: 1/7
   676 | D:3      | Noticed a sky beast
   715 | D:3      | Killed a sky beast
   715 | D:3      | Reached skill level 4 in Earth Magic
   715 | D:3      | Reached XP level 4. HP: 11/18 MP: 0/9
   715 | D:3      | Reached XP level 5. HP: 13/21 MP: 0/10
   728 | D:3      | Learned a level 5 spell: Lee's Rapid Deconstruction
  1325 | D:5      | Entered Level 5 of the Dungeon
  1368 | D:4      | Got a faintly glowing iron ring
  1369 | D:4      | Identified the ring "Xuhudigg" {+Fly rElec rC- MR+ Int+7}
                  | (You found it on level 4 of the Dungeon)
  1474 | D:4      | Noticed a phantom
  1500 | D:4      | Killed a phantom
  1500 | D:4      | Reached skill level 5 in Earth Magic
  1500 | D:4      | Gained mutation: You are covered in thick fur. (AC +2)
                  | [Felid growth]
  1500 | D:4      | Reached XP level 6. HP: 24/24 MP: 2/12
  1803 | D:4      | Noticed Eustachio
  1817 | D:4      | Killed Eustachio
  2340 | D:5      | Found a bloodstained altar of Trog.
  2353 | D:5      | Found a bloodstained altar of Trog.
  2367 | D:5      | Reached XP level 7. HP: 18/27 MP: 7/14
  2541 | D:5      | Reached skill level 6 in Earth Magic
  2831 | D:5      | Reached skill level 7 in Earth Magic
  2916 | D:5      | Found a sparkling altar of Nemelex Xobeh.
  3023 | D:5      | Identified the ring "Zuycuem" {Ice Str+2}
  3026 | D:5      | Reached skill level 5 in Spellcasting
  3026 | D:5      | Reached XP level 8. HP: 29/31 MP: 10/16
  3300 | D:5      | Found a staircase to the Ecumenical Temple.
  3371 | Temple   | Entered the Ecumenical Temple
  3392 | Temple   | Became a worshipper of Vehumet
  4303 | D:2      | Killed Terence
  4328 | D:2      | Reached * piety under Vehumet
  4328 | D:2      | Offered knowledge of Sting by Vehumet.
  4602 | D:3      | Found a white marble altar of Elyvilon.
  4731 | D:3      | Found a shimmering altar of Xom.
  4732 | D:3      | Found a shimmering altar of Xom.
  4732 | D:3      | Found a shimmering altar of Xom.
  4733 | D:3      | Found a shimmering altar of Xom.
  5062 | D:3      | Noticed Robin
  5185 | D:3      | Killed Robin
  5333 | D:6      | Identified a paperback manual
  5486 | D:6      | Reached skill level 8 in Earth Magic
  5871 | D:6      | Reached ** piety under Vehumet
  5884 | D:6      | Offered knowledge of Throw Frost by Vehumet.
  6383 | D:7      | Reached skill level 9 in Earth Magic
  6514 | D:7      | Reached XP level 9. HP: 29/34 MP: 0/19
  6659 | D:7      | Found a bloodstained altar of Trog.
  6814 | D:7      | Offered knowledge of Dazzling Spray by Vehumet.
  7364 | D:8      | Learned a level 4 spell: Petrify
  7474 | D:8      | Reached skill level 10 in Earth Magic
  7476 | D:8      | Reached *** piety under Vehumet
  7830 | D:8      | Noticed a two-headed ogre
  7844 | D:8      | Killed a two-headed ogre
  7844 | D:8      | Offered knowledge of Olgreb's Toxic Radiance by Vehumet.
  7844 | D:8      | Reached skill level 11 in Earth Magic
  7844 | D:8      | Reached XP level 10. HP: 36/37 MP: 3/22
  8291 | D:8      | Learned a level 3 spell: Mephitic Cloud
  8430 | D:9      | Reached skill level 1 in Unarmed Combat
  8487 | D:9      | Found a staircase to the Orcish Mines.
  8525 | D:9      | Found a basalt altar of Yredelemnul.
  8525 | D:9      | Found a faded altar of an unknown god.
  8530 | D:9      | Found a blossoming altar of Fedhas.
  8532 | D:9      | Found a glowing golden altar of the Shining One.
  8534 | D:9      | Found a shimmering altar of Xom.
  9352 | D:10     | Entered Level 10 of the Dungeon
  9411 | D:10     | Killed from afar by a lava snake
  9412 | D:10     | Reached XP level 9. HP: -2/34 MP: 6/22
  9427 | D:10     | Noticed a two-headed ogre
  9427 | D:10     | Noticed a two-headed ogre
  9434 | D:10     | Killed a two-headed ogre
  9572 | D:10     | Reached skill level 12 in Earth Magic
  9572 | D:10     | Killed a two-headed ogre
  9572 | D:10     | Reached XP level 10. HP: 14/37 MP: 7/23
  9712 | D:10     | Reached **** piety under Vehumet
 10011 | D:10     | Offered knowledge of Iskenderun's Mystic Blast by Vehumet.
 10154 | D:10     | Noticed a two-headed ogre
 10164 | D:10     | Killed a two-headed ogre
 11184 | D:11     | Found a staircase to the Lair.
 11194 | D:11     | Reached skill level 13 in Earth Magic
 11525 | D:11     | Noticed a gargoyle
 11526 | D:11     | Killed a gargoyle
 11526 | D:11     | Reached XP level 11. HP: 40/40 MP: 22/25
 11765 | D:11     | Noticed a death knight
 11778 | D:11     | Killed a death knight
 11778 | D:11     | Reached ***** piety under Vehumet
 11793 | D:11     | Reached skill level 10 in Spellcasting
 11797 | D:11     | Offered knowledge of Venom Bolt by Vehumet.
 11973 | D:11     | Noticed a red ugly thing
 12857 | D:12     | Noticed a two-headed ogre
 12859 | D:12     | Killed a two-headed ogre
 12859 | D:12     | Reached skill level 14 in Earth Magic
 13250 | D:12     | Noticed a vampire knight
 13289 | D:12     | Noticed Rupert
 13517 | D:12     | Killed by blast of petrified fragments
 13518 | D:12     | Reached XP level 10. HP: -5/37 MP: 3/25
 13518 | D:12     | Quit the game

Vault maps used:
D:1:      onia_arrival_zoo_common, minmay_misc_feat_plants
D:2:      serial_undead, serial_undead_b, serial_undead_c, serial_undead_a,
          serial_undead_f, serial_undead_a, serial_undead_b, first_ration,
          bh_walls_and_bars, uniq_natasha, uniq_terence
D:3:      lemuel_crystal_altar, xom_redecorated, uniq_robin
D:4:      uniq_eustachio
D:5:      nemelex_altar_shiori, old_standard_altar, minmay_temple_entry_grid,
          trog_hazing_becter
D:6:      minmay_manual_mares
D:7:      lemuel_altar_in_water
D:9:      chequers_temple_overflow_minitemple, orc_0_dummy
D:10:     erik_rubicon_a
D:11:     due_lair_maze_entry_diamond, hangedman_stone_soup
D:12:     kennysheep_just_a_vault, uniq_rupert
Temple:   regret_index_temple_generic_petals

Skill      XL: |  1  2  3  4  5  6  7  8  9 10 11 |
---------------+----------------------------------+-----
Stealth        | 3 |  3.0
Earth Magic    | 3 4 5 7 9 12 13 14 | 14.2
Spellcasting   | 3 4 5 6 7 9 10 | 10.5
Dodging        | 3 4 |  4.0
Unarmed Combat | 3 |  3.0
Transmutations | |  1.1

Action                   |  1- 3 |  4- 6 |  7- 9 | 10-12 || total
-------------------------+-------+-------+-------+-------++-------
Melee: Unarmed           |    31 |    81 |   222 |    24 ||   358
       Bite              |       |     5 |    17 |     2 ||    24
 Cast: Sandblast         |    24 |    38 |   103 |    55 ||   220
       Passwall          |       |     3 |       |       ||     3
       Lee's Rapid Decon |       |       |    63 |   114 ||   177
       Petrify           |       |       |     1 |    10 ||    11
  Use: Potion            |       |       |     3 |       ||     3
       Scroll            |       |       |    16 |     1 ||    17
 Stab: Sleeping          |     2 |       |    10 |     3 ||    15
  Eat: Chunk             |     4 |     6 |    24 |    36 ||    70
Armor: Skin              |     7 |     9 |    22 |     2 ||    40
Dodge: Dodged            |    40 |    89 |   231 |    40 ||   400

Table legend:
 A = Non-vault XP
 B = Vault XP
 C = Vault XP percentage of total XP
 D = Non-vault monster count
 E = Vault monster count
 F = Vault count percentage of total count
                 A         B        C        D         E       F
            +---------+---------+-------+---------+---------+-------
      Total |   19446 |    2831 |  12.7 |     266 |      41 |  13.4
            +---------+---------+-------+---------+---------+-------
        D:1 |      33 |       0 |   0.0 |      15 |       0 |   0.0
        D:2 |      37 |      84 |  69.4 |      14 |       6 |  30.0
        D:3 |     199 |      36 |  15.3 |      22 |      12 |  35.3
        D:4 |     207 |     197 |  48.8 |       9 |       1 |  10.0
        D:5 |     803 |      11 |   1.4 |      22 |       6 |  21.4
        D:6 |     771 |     233 |  23.2 |      16 |       2 |  11.1
        D:7 |     950 |       0 |   0.0 |      23 |       0 |   0.0
        D:8 |    2826 |       0 |   0.0 |      32 |       0 |   0.0
        D:9 |     894 |       0 |   0.0 |      18 |       0 |   0.0
       D:10 |    6496 |       0 |   0.0 |      42 |       0 |   0.0
       D:11 |    3298 |    2270 |  40.8 |      34 |      14 |  29.2
       D:12 |    2932 |       0 |   0.0 |      19 |       0 |   0.0
            +---------+---------+-------+---------+---------+-------
